 Dungeon Crawl Stone Soup version 0.26-b1-32-g5d43845318 (webtiles) character file.

Game seed: 5896822110251413507

24 theswoord the Insei (level 2, 0/22 HPs)
             Began as a Demonspawn Transmuter on Jan 12, 2021.
             Slain by a rat (1 damage)
             ... on level 1 of the Dungeon.
             The game lasted 00:00:57 (588 turns).

theswoord the Insei (Demonspawn Transmuter)          Turns: 588, Time: 00:00:57

Health: 0/22       AC:  2    Str: 10    XL:     2   Next: 79%
Magic:  4/5        EV: 16    Int: 14    God:
Gold:   15         SH:  0    Dex: 19    Spells: 4/5 levels left

rFire    . . .     SeeInvis .     - Unarmed
rCold    . . .     Faith    .   (no shield)
rNeg     . . .     Spirit   .   a - +0 robe
rPois    .         Reflect  .   (helmet currently unavailable)
rElec    .         Harm     .   (no cloak)
rCorr    .         Rampage  .   (no gloves)
Will     .....                  (boots currently unavailable)
Stlth    ++........             (no amulet)
HPRegen  0.07/turn              c - +4 ring of evasion
MPRegen  0.09/turn              d - +6 ring of dexterity

@: appendages
A: horns 2, talons 1
a: End Transformation


You were on level 1 of the Dungeon.
You had grown temporary horns.
You visited 1 branch of the dungeon, and saw 1 of its levels.

You collected 15 gold pieces.

Inventory:

Armour
 a - a +0 robe (worn)
Jewellery
 c - a +4 ring of evasion (left hand)
 d - a +6 ring of dexterity (right hand)
Scrolls
 b - a scroll of teleportation {unknown}


   Skills:
 + Level 1.8 Fighting
 - Level 1.7 Dodging
 + Level 3.0 Unarmed Combat
 - Level 2.0 Spellcasting
 + Level 2.2 Transmutations


You had 4 spell levels left.
You knew the following spells:

 Your Spells              Type           Power        Failure   Level
a - Beastly Appendage     Tmut           14%          10%         1

Your spell library contained the following spells:

 Spells                   Type           Power        Failure   Level
 Wereblood                Tmut           7%           14%         2
 Spider Form              Tmut/Pois      2%           41%         3
 Ice Form                 Ice/Tmut       4%           83%         4
 Blade Hands              Tmut           3%           95%         5


Dungeon Overview and Level Annotations

Branches:
Dungeon (1/15)

Altars:


Innate Abilities, Weirdness & Mutations

You have sharp toenails.
You have a pair of horns on your head.


Message History

You hit the dart slug.
You claw the dart slug, but do no damage.
You headbutt the dart slug, but do no damage.
The dart slug is severely wounded.
The kobold misses you. The rat bites you but does no damage.
Unknown command.
You hit the dart slug but do no damage. You claw the dart slug.
You kill the dart slug!
The kobold hits you with a +0 whip.
* * * LOW HITPOINT WARNING * * *
The rat bites you but does no damage.
You barely miss the kobold. Your kick misses the kobold.
The kobold barely misses you. The rat bites you.
* * * LOW HITPOINT WARNING * * *
You closely miss the kobold. You claw the kobold.
The kobold is moderately wounded.
The kobold hits you with a +0 whip.
* * * LOW HITPOINT WARNING * * *
The rat bites you.
You die...

#....#.... ##....#....
#######.###
.#.........###..........
........... ......>.....
.##......# #...........
###......# #...........
#......# ##...........
#......# #.....K......
#......# #....@r......
#......# #...)........
#......# #...####....#
##......###...####.####
##..................# ##
................###....#
##†.............###.....
.#.†........#+#.........
.#..........#.#..##..#.


You could see a kobold and a rat.

Vanquished Creatures
  An ooze (D:1)
  A dart slug (D:1)
  3 ball pythons (D:1)
  2 bats (D:1)
  A giant cockroach (D:1)
  A goblin (D:1)
  A hobgoblin (D:1)
  4 kobolds (D:1)
  5 rats (D:1)
19 creatures vanquished.

Notes
Turn   | Place    | Note
-------+----------+-------------------------------------------
     0 | D:1      | theswoord the Demonspawn Transmuter began the quest for the
                  | Orb.
     0 | D:1      | Reached XP level 1. HP: 15/15 MP: 3/3
    90 | D:1      | Gained mutation: You have sharp toenails. [demonic
                  | ancestry]
    90 | D:1      | Reached XP level 2. HP: 21/21 MP: 3/5
   459 | D:1      | Reached skill level 3 in Unarmed Combat
   588 | D:1      | HP: 1/22 [kobold/+0 whip (5)]
   588 | D:1      | Slain by a rat

Skill      XL: |  1  2 |
---------------+-------+-----
Transmutations | 2 |  2.2
Unarmed Combat | 3 |  3.0
Fighting       | |  1.8
Dodging        | |  1.7
Spellcasting   | |  2.0

Action                   || total
-------------------------++-------
Melee: Unarmed           ||    52
       Kick              ||    14
       Headbutt          ||     3
 Cast: Beastly Appendage ||    10
 Stab: Sleeping          ||     1
Armor: Robe              ||    12
Dodge: Dodged            ||    45

Levels and vault maps discovered:
D:1:      shiori_arrival_oz, layout_basic, grunt_decor_junction
